 Dungeon Crawl Stone Soup version 0.30-b1-2-g02819fbbbe (webtiles) character file.

Game seed: 11040713164510437768

68397 Mesmaeker13 the Arsonist (level 14, -8/93 HPs)
             Began as a Demigod Fire Elementalist on June 26, 2023.
             Killed from afar by an acid dragon (17 damage)
             ... with a splash of acid
             ... on level 12 of the Dungeon.
             The game lasted 01:18:52 (31300 turns).

Mesmaeker13 the Arsonist (DgFE)                    Turns: 31300, Time: 01:18:52

Health: -8/93      AC: 22    Str: 14    XL:     14   Next: 46%
Magic:  6/31       EV:  7    Int: 29    God:
Gold:   1926       SH:  5    Dex: 16    Spells: 4/29 levels left

rFire   + . .        k - staff of fire
rCold   + + .        D - +0 buckler {rC+}
rNeg    . . .        Q - +3 ice dragon scales of the Fiddle {rPois rF- rC++ Int+4 Stlth+}
rPois   +            x - +0 helmet
rElec   .            N - +1 cloak
rCorr   .            h - +0 pair of gloves of Elusar {Str-3 Dex+2 SInv}
SInv    +            a - +1 pair of boots
Will    ++...        c - amulet of the acrobat
Stlth   +            u - ring of fire
HPRegen 0.35/turn    C - ring of willpower
MPRegen 0.22/turn

%: acrobat
@: grasped by roots, acrobatic, constricted
A: high MP 1, forlorn, divine attributes
a: no special abilities


You were on level 12 of the Dungeon.
You visited 3 branches of the dungeon, and saw 21 of its levels.
You also visited: Ice Cave.

You collected 2486 gold pieces.
You spent 560 gold pieces at shops.

Inventory:

Hand Weapons
 t - a +4 flail of holy wrath
Missiles
 i - 2 curare-tipped darts
Armour
 a - a +1 pair of boots (worn)
 h - the +0 pair of gloves of Elusar (worn) {Str-3 Dex+2 SInv}
   (You found it on level 8 of the Dungeon)

   Str:       It affects your strength (-3).
   Dex:       It affects your dexterity (+2).
   SInv:      It lets you see invisible.
 x - a +0 helmet (worn)
 D - a +0 buckler of cold resistance (worn)
 N - a +1 cloak (worn)
 Q - the +3 ice dragon scales of the Fiddle (worn) {rPois rF- rC++ Int+4 Stlth+}
   (You found it in an ice cave)

   Int:       It affects your intelligence (+4).
   rF:        It makes you vulnerable to fire.
   rC:        It greatly protects you from cold.
   rPois:     It protects you from poison.
   Stlth:     It makes you more stealthy.
Magical Staves
 k - a staff of fire (weapon)
Jewellery
 c - an amulet of the acrobat (around neck)
 j - a +6 ring of strength
 q - a ring of positive energy
 u - a ring of fire (left hand)
 y - a +6 ring of intelligence
 z - a ring of resist corrosion
 B - a ring of positive energy
 C - a ring of willpower (right hand)
 I - the ring "Asof" {Ice rElec rN+ Str-3}
   (You found it in an ice cave)

   [ring of ice]

   It enhances your ice magic.
   Str:       It affects your strength (-3).
   rF:        It makes you vulnerable to fire.
   rC:        It protects you from cold.
   rElec:     It insulates you from electricity.
   rN:        It protects you from negative energy.
Wands
 o - a wand of charming (15)
 G - a wand of flame (2)
 M - a wand of digging (5)
Scrolls
 d - a scroll of blinking
 e - 2 scrolls of teleportation
 g - 3 scrolls of magic mapping
 p - 4 scrolls of fog
 s - 3 scrolls of poison
 v - a scroll of enchant weapon
 E - a scroll of torment
 P - 2 scrolls of fear
Potions
 b - 5 potions of magic
 f - a potion of ambrosia
 m - 5 potions of attraction
 n - 7 potions of curing
 r - a potion of mutation
 w - 4 potions of berserk rage
 A - 2 potions of resistance
 F - a potion of might
 K - 2 potions of flight
 L - 2 potions of lignification
 O - 2 potions of haste
Miscellaneous
 J - a condenser vane (inert)


   Skills:
 - Level 8.3 Armour
 - Level 4.5 Dodging
 - Level 1.7 Stealth
 + Level 3.0 Shields
 - Level 8.4 Spellcasting
 + Level 12.9 Conjurations
 + Level 5.2 Summonings
 + Level 13.2 Fire Magic
 - Level 9.0 Earth Magic


You had 4 spell levels left.
You knew the following spells:

 Your Spells              Type           Power      Damage    Failure   Level
a - Animate Armour        Summ/Erth      100%       N/A       14%         4
b - Scorch                Fire           100%       2d9       1%          2
c - Flame Wave            Conj/Fire      100%       2d21      1%          4
d - Inner Flame           Hex/Fire       85%        N/A       5%          3
e - Stone Arrow           Conj/Erth      100%       3d13      1%          3
f - Sticky Flame          Conj/Fire      100%       2d11      1%          4
g - Fireball              Conj/Fire      57%        3d22      3%          5

Your spell library contained the following spells:

 Spells                   Type           Power      Damage    Failure   Level
 Foxfire                  Conj/Fire      100%       2x1d9     1%          1
 Static Discharge         Conj/Air       98%        2-7/arc   2%          2
 Summon Small Mammal      Summ           100%       N/A       3%          1
 Dazzling Flash           Conj/Hex       98%        N/A       5%          3
 Volatile Blastmotes      Fire/Tloc      100%       2d18      5%          3
 Call Canine Familiar     Summ           42%        N/A       9%          3
 Slow                     Hex            48%        N/A       26%         1
 Summon Guardian Golem    Hex/Summ       27%        N/A       26%         3
 Ensorcelled Hibernation  Hex/Ice        24%        N/A       36%         2
 Wereblood                Tmut           12%        N/A       36%         2
 Leda's Liquefaction      Hex/Erth       19%        N/A       38%         4
 Confusing Touch          Hex            12%        N/A       61%         3
 Ozocubu's Armour         Ice            12%        N/A       61%         3
 Portal Projectile        Hex/Tloc       24%        N/A       61%         3
 Spider Form              Tmut/Pois      12%        N/A       61%         3
 Vampiric Draining        Necr           12%        2d6       61%         3
 Vhi's Electric Charge    Tloc/Air       24%        N/A       61%         3
 Summon Lightning Spire   Summ/Air       27%        N/A       65%         4
 Airstrike                Air            6%         2d(1-17)  95%         4
 Anguish                  Hex/Necr       6%         N/A       95%         4
 Cause Fear               Hex            6%         N/A       95%         4
 Iskenderun's Battlesphe  Conj           72%        2d12      3%          5
 Arcjolt                  Conj/Air       24%        1d34      45%         5
 Orb of Destruction       Conj           36%        9d11      73%         7
 Conjure Ball Lightning   Conj/Air       24%        3x3d7     95%         6
 Agony                    Necr           12%        N/A       100%        5
 Silence                  Hex/Air        6%         N/A       100%        5
 Simulacrum               Ice/Necr       6%         N/A       100%        6
 Enfeeble                 Hex            6%         N/A       100%        7
 Ozocubu's Refrigeration  Ice            6%         4d8       100%        7
 Lehudib's Crystal Spear  Conj/Erth      33%        10d8      100%        8
 Maxwell's Capacitive Co  Air            6%         ∞         100%        8
 Polar Vortex             Ice            6%         N/A       100%        9


Dungeon Overview and Level Annotations

Branches:
Dungeon (14/15)            Temple (0/1) D:4            Lair (5/5) D:9
  Swamp (0/4) Lair:3        Snake (0/4) Lair:2        Slime (0/5) Lair:4
    Orc (2/2) D:10            Elf (0/3) Orc:2         IceCv (visited)
 Vaults: D:13-14

Shops:
D:11 (   Orc:2 [[?[

Portals:
Abyss: Lair:5

Annotations:
D:4 1 runed translucent door, Aldia's ghost, amateur VSBr
D:12 Jorgrun
D:14 5 transporters, Cown's ghost, journeyman TrHu


Innate Abilities, Weirdness & Mutations

You have an increased reservoir of magic. (+10% MP)
You shall have no god before yourself.
Your divine heritage dramatically boosts your attributes as you level up.


Message History

You feel a strong surge of power!
The fireball explodes!
The fireball engulfs Jorgrun!
Jorgrun resists.
Jorgrun is moderately wounded.
The grasping roots constrict you.
Casting: Fireball (dangerous; 3% risk of failure)
Confirm with . or Enter, or press ? or * to list all spells.
Aiming: Fireball (dangerous; 3% risk of failure)
Press: ? - help, Shift-Dir - straight line, f/p - Jorgrun
Aim: Jorgrun, wielding a staff of earth and wearing a +2 robe of fire resistance (moderately wounded)
You feel a strong surge of power!
The fireball explodes!
The fireball engulfs Jorgrun!
Jorgrun resists.
Jorgrun is moderately wounded.
The grasping roots constrict you!
Casting: Fireball (dangerous; 3% risk of failure)
Confirm with . or Enter, or press ? or * to list all spells.
Casting: Flame Wave (mildly dangerous; 1% risk of failure)
Press: ? - help, Dir - look around, f - activate You feel a strong surge of power!
A wave of flame ripples out!
The flame wave engulfs Jorgrun.
Jorgrun resists.
Jorgrun is heavily wounded. (Press . to intensify the flame waves.) Jorgrun casts a spell at you.
The iron shot misses you. The grasping roots constrict you.
An acid dragon comes into view.
A wave of flame ripples out!
The flame wave engulfs Jorgrun!
Jorgrun resists.
Jorgrun is heavily wounded.
The flame wave engulfs the shadow!!
You destroy the shadow!
Jorgrun hits you with a staff of earth!
* * * LOW HITPOINT WARNING * * *
The grasping roots constrict you!
* * * LOW HITPOINT WARNING * * *
A wave of flame ripples out!
The flame wave engulfs Jorgrun!
Jorgrun resists.
Jorgrun is heavily wounded.
You finish channelling waves of flame.
Jorgrun hits you but does no damage. The grasping roots constrict you.
* * * LOW HITPOINT WARNING * * *
The acid dragon spits acid at you. The splash of acid hits you!
You die...

#........# #........#
#........#######
######............<##
####..##..........#.....
........................
######.........D....#.....
######.............###.........
###.............@g.....####.#..##
#..............).))....#..##....#
.........#######..[....#....##.#.
......#### ...##..##.....#...
....### .......#........#. [...#
........#.......).. ....#
......###.......... ...##
.....### ......#... ...# #..
.....##...


You could see Jorgrun and an acid dragon (catching breath).

Vanquished Creatures
  An azure jelly (IceCv)
  2 quicksilver oozes (IceCv)
  Snorg (Lair:3)
  The ghost of zielscheibe the Tainter, a journeyman DsVM of Gozag (Lair:1)
  A ghost crab (Lair:3)
  A catoblepas (Lair:3)
  4 hydras
  4 centaur warriors
  A two-headed ogre (D:10)
  5 death yaks
  3 thrashing horrors (Lair:5)
  5 orc high priests
  A spectral death yak (Lair:3)
  Lodul (D:11)
  A spectral hydra (Lair:3)
  2 deep elf pyromancers
  An oklob plant (Lair:3)
  2 wizards (D:13)
  An orc sorcerer (Orc:2)
  2 manticores
  3 ugly things
  A spectral boulder beetle (Lair:3)
  5 cyclopes
  2 black mambas
  3 elephants (Lair:2)
  Joseph (D:10)
  A smoke demon (Lair:5)
  2 ice statues (IceCv)
  An unseen horror (D:12)
  8 cane toads
  2 kobold demonologists (D:13)
  Maggie (D:7)
  A komodo dragon (Lair:2)
  A freezing wraith (D:14)
  2 ancient zymes (Lair:5)
  2 large abominations (Lair:5)
  5 trolls
  3 polar bears
  A raiju (shapeshifter) (D:13)
  18 blink frogs
  2 hornets (Lair:1)
  5 dream sheep (Lair:5)
  A spectral black mamba (Lair:3)
  Sigmund (D:2)
  3 slime creatures (IceCv)
  5 spriggans
  3 wraiths
  3 shadows
  10 wyverns
  18 yaks
  A vampire (D:11)
  A basilisk (shapeshifter) (D:13)
  5 basilisks
  4 chaos spawn (Lair:5)
  A steam dragon (D:9)
  Edmund (D:6)
  12 vampire mosquitoes
  A warg (Orc:1)
  8 water moccasins
  22 orc warriors
  A sky beast (D:6)
  2 black bears
  2 ice beasts
  4 boggarts (D:14)
  17 ogres
  14 wolves
  A spectral rime drake (Lair:3)
  8 centaurs
  A phantom (D:5)
  4 kobold brigands
  9 small abominations (Lair:5)
  6 bullfrogs
  3 necrophages (D:7)
  A gnoll sergeant (D:9)
  A wyvern zombie (D:7)
  2 scorpions
  6 wights
  13 killer bees
  4 howler monkeys
  4 electric eels (Lair:2)
  A centaur zombie (D:7)
  A bullfrog zombie (D:7)
  A jelly (D:7)
  2 hounds (D:7)
  A human zombie (D:7)
  26 orc priests
  A gnoll bouda (D:8)
  3 sleepcaps
  28 orc wizards
  4 hell rats (Lair:4)
  2 killer bee zombies (D:7)
  A mummy (D:7)
  A howler monkey zombie (D:7)
  12 gnolls
  5 adders
  9 river rats
  2 white imps
  2 worms (D:2)
  A dart slug (D:7)
  59 orcs
  13 ball pythons
  5 bats
  4 endoplasms
  2 giant cockroaches (D:2)
  5 goblins
  11 hobgoblins
  4 jackals
  7 quokkas
  7 frilled lizards
  18 kobolds
  10 rats
561 creatures vanquished.

Vanquished Creatures (collateral kills)
  A quicksilver ooze (IceCv)
  A death yak (D:9)
  A two-headed ogre (D:12)
  16 slime creatures (IceCv)
  A vampire mosquito (D:12)
  An orc warrior (Orc:2)
  4 great orb of eyes simulacra (IceCv)
  3 slime creature simulacra (IceCv)
  A gnoll sergeant (D:12)
  4 glowing shapeshifter simulacra (IceCv)
  2 orc priests (Orc:2)
  An orc wizard (Orc:2)
  An orc (Orc:2)
  5 foxfires
42 creatures vanquished.

Vanquished Creatures (others)
  A blink frog (Lair:5)
  860 foxfires
  22 fungi
  34 plants
917 creatures vanquished.

Grand Total: 1520 creatures vanquished

Notes
Turn   | Place    | Note
-------+----------+-------------------------------------------
     0 | D:1      | Mesmaeker13 the Demigod Fire Elementalist began the quest
                  | for the Orb.
     0 | D:1      | Reached XP level 1. HP: 14/14 MP: 5/5
    38 | D:1      | Reached skill level 1 in Conjurations
   316 | D:1      | Reached XP level 2. HP: 20/20 MP: 2/7
   435 | D:1      | Reached skill level 3 in Fire Magic
   948 | D:1      | Reached XP level 3. HP: 24/26 MP: 3/9
  1281 | D:2      | Learned a level 2 spell: Scorch
  1529 | D:2      | Noticed Sigmund
  1537 | D:2      | Killed Sigmund
  1538 | D:2      | Reached skill level 4 in Fire Magic
  1538 | D:2      | Reached XP level 4. HP: 33/33 MP: 3/11
  1538 | D:2      | Reached XP level 5. HP: 38/38 MP: 3/12
  2549 | D:3      | Reached XP level 6. HP: 45/45 MP: 12/14
  3044 | D:4      | Learned a level 4 spell: Flame Wave
  3132 | D:4      | Reached skill level 1 in Armour
  3270 | D:4      | Found a staircase to the Ecumenical Temple.
  3512 | D:4      | Found a runed translucent door.
  3515 | D:4      | Noticed Aldia's ghost (amateur VSBr)
  3922 | D:5      | Entered Level 5 of the Dungeon
  4061 | D:5      | Reached XP level 7. HP: 35/50 MP: 9/16
  4301 | D:5      | Reached skill level 5 in Fire Magic
  5372 | D:6      | Reached XP level 8. HP: 57/57 MP: 9/18
  5417 | D:6      | Noticed Edmund
  5428 | D:6      | Killed Edmund
  5784 | D:6      | Reached skill level 5 in Conjurations
  5984 | D:7      | Reached skill level 5 in Spellcasting
  6016 | D:7      | Reached skill level 6 in Fire Magic
  6474 | D:7      | Noticed Maggie
  6497 | D:7      | Killed Maggie
  6870 | D:7      | Reached XP level 9. HP: 52/62 MP: 14/21
  7387 | D:8      | Identified the +0 pair of gloves of Elusar {Str-3 Dex+2
                  | SInv}
  7616 | D:8      | Reached skill level 5 in Armour
  8358 | D:9      | Reached skill level 7 in Fire Magic
  8532 | D:9      | Noticed a death yak
  8621 | D:8      | Learned a level 3 spell: Inner Flame
  8622 | D:9      | Noticed a death yak
  8622 | D:9      | Found a staircase to the Lair.
  8623 | D:9      | Noticed a death yak
  9673 | Lair:1   | Entered Level 1 of the Lair of Beasts
  9787 | Lair:1   | Reached XP level 10. HP: 59/69 MP: 14/24
  9965 | Lair:1   | Found a runed translucent door.
  9967 | Lair:1   | Noticed zielscheibe's ghost (journeyman DsVM)
  9978 | Lair:1   | Noticed a spriggan rider
  9979 | Lair:1   | Identified the +9 spear of Arrival {antimagic, rElec rF+
                  | Str+2}
 11136 | Lair:2   | Reached skill level 8 in Fire Magic
 12072 | Lair:2   | Reached XP level 11. HP: 74/74 MP: 24/26
 12227 | Lair:2   | Found a staircase to the Snake Pit.
 12233 | Lair:2   | Reached skill level 9 in Fire Magic
 12987 | Lair:3   | Found a dark tunnel.
 13029 | Lair:3   | Noticed a six-headed hydra
 13283 | D:10     | Entered Level 10 of the Dungeon
 13319 | D:10     | Noticed a two-headed ogre
 13328 | D:10     | Killed a two-headed ogre
 13844 | D:10     | Learned a level 3 spell: Stone Arrow
 13850 | D:10     | Noticed Joseph
 13859 | D:10     | Killed Joseph
 13985 | D:10     | Found a staircase to the Orcish Mines.
 14494 | Orc:1    | Entered Level 1 of the Orcish Mines
 14588 | D:11     | Reached skill level 1 in Earth Magic
 14981 | D:11     | Noticed Lodul
 15140 | D:11     | Found Irudan's Weapon Boutique.
 15516 | D:11     | Killed Lodul
 15998 | D:11     | Reached skill level 10 in Fire Magic
 16482 | Lair:3   | Noticed a five-headed hydra
 16492 | Lair:3   | Killed a five-headed hydra
 16584 | Lair:3   | Noticed a catoblepas
 16606 | Lair:3   | Killed a catoblepas
 16607 | Lair:3   | Reached XP level 12. HP: 50/81 MP: 14/28
 16760 | Lair:3   | Killed a six-headed hydra
 16761 | Lair:3   | Reached skill level 10 in Conjurations
 16970 | Lair:3   | You fall into a shaft and drop 2 floors!
 16970 | Lair:5   | Entered Level 5 of the Lair of Beasts
 16970 | Lair:5   | Noticed an eight-headed hydra
 16977 | Lair:5   | Killed an eight-headed hydra
 17601 | Lair:4   | Reached skill level 5 in Earth Magic
 17624 | Lair:4   | Learned a level 4 spell: Sticky Flame
 17793 | Lair:3   | Noticed Snorg
 17803 | Lair:3   | Killed Snorg
 18087 | Lair:3   | Reached skill level 11 in Fire Magic
 18133 | Lair:3   | Noticed a seven-headed hydra
 18425 | Lair:3   | Killed a seven-headed hydra
 18659 | Lair:3   | Noticed a ghost crab
 18667 | Lair:3   | Killed a ghost crab
 18783 | Lair:3   | Found a staircase to the Swamp.
 19745 | Lair:4   | Found a staircase to the Slime Pits.
 20816 | Lair:5   | Reached XP level 13. HP: 59/86 MP: 3/29
 22196 | Lair:5   | Found a one-way gate to the infinite horrors of the Abyss.
 22349 | Lair:5   | Reached skill level 12 in Fire Magic
 23217 | Lair:1   | Killed zielscheibe's ghost
 23361 | Lair:1   | Learned a level 4 spell: Animate Armour
 24012 | D:12     | Noticed Jorgrun
 24289 | Orc:1    | Reached skill level 1 in Summonings
 24979 | Orc:2    | Entered Level 2 of the Orcish Mines
 24981 | Orc:2    | Found a staircase to the Elven Halls.
 25434 | Orc:2    | Found a frozen archway.
 25445 | IceCv    | Entered an ice cave
 25724 | IceCv    | Noticed a quicksilver ooze
 25731 | IceCv    | Killed a quicksilver ooze
 26454 | IceCv    | Noticed a quicksilver ooze
 26463 | IceCv    | Killed a quicksilver ooze
 26463 | IceCv    | Noticed a quicksilver ooze
 26475 | IceCv    | Got the ring of the Komtur {Ice Str+3 Slay+2}
 27009 | IceCv    | Killed a quicksilver ooze
 27010 | IceCv    | Reached XP level 14. HP: 64/93 MP: 11/31
 27159 | IceCv    | Noticed an azure jelly
 27176 | IceCv    | Killed an azure jelly
 27272 | IceCv    | Identified the +3 ice dragon scales of the Fiddle {rPois
                  | rF- rC++ Int+4 Stlth+}
 27284 | IceCv    | Got the ring "Asof" {Ice rElec rN+ Str-3}
 28035 | Orc:2    | Found Ucotzom's Magic Scroll Shop.
 28035 | Orc:2    | Found Yhyazel's Antique Armour Boutique.
 28036 | Orc:2    | Found Kingi's Armour Boutique.
 28046 | Orc:2    | Found Saobuqux's Antique Armour Shop.
 28514 | Orc:2    | Bought a scroll of teleportation for 39 gold pieces
 28514 | Orc:2    | Bought a scroll of blinking for 97 gold pieces
 28514 | Orc:2    | Bought a scroll of teleportation for 39 gold pieces
 28514 | Orc:2    | Bought a scroll of fear for 52 gold pieces
 28515 | Orc:2    | Bought a distressingly furry scale mail for 333 gold pieces
 28515 | Orc:2    | Identified the +0 scale mail of the Farrier {+Blink} (You
                  | bought it in a shop on level 2 of the Orcish Mines)
 28951 | D:12     | Reached skill level 1 in Shields
 29054 | D:12     | Identified the +0 robe of Repulsion {Harm}
 29476 | D:13     | Reached skill level 13 in Fire Magic
 29536 | D:13     | Got the Parchment of Axaxaxas mlö
 30436 | D:14     | Identified a scroll of acquirement
 30437 | D:14     | Acquired a book of the Spheres
 30452 | D:14     | Learned a level 5 spell: Fireball
 30473 | D:14     | Noticed Cown's ghost (journeyman TrHu)
 30474 | D:14     | Found a transporter.
 30479 | D:14     | Found a transporter.
 30482 | D:14     | Noticed a frost giant
 30531 | D:14     | Reached skill level 5 in Summonings
 30761 | D:14     | Found a transporter.
 30766 | D:14     | Found a transporter.
 30782 | D:14     | Found a transporter.
 31300 | D:12     | Killed from afar by an acid dragon

Illustrated notes

Levels and vault maps discovered:
D:1:      dpeg_arrival_lava_temple_mockup, layout_loops_ring,
          serial_bayou_pond_a, nrook_uturn, minmay_pentomino_t4
D:2:      layout_basic, uniq_sigmund
D:3:      layout_loops_ring, nicolae_overflow_ecumenical_swirl
D:4:      layout_rooms, minmay_temple_entry_ruins, ebering_ghost_sewer_d,
          minmay_fountain_box
D:5:      layout_loops_ring, mainiacjoe_overflow_alcove_2, corexii_corridor_pit
D:6:      layout_basic, amcnicky_altar_gilded,
          mainiacjoe_overflow_large_starburst, mrwooster_statue_mirror,
          uniq_edmund
D:7:      layout_loops_ring, lemuel_mausoleum_altar_yredelemnul, uniq_maggie
D:8:      layout_loops_ring, old_standard_altar, vehumet_crystals,
          mainiacjoe_overflow_six_doors_small, minmay_circle_x
D:9:      layout_loops_ring, dpeg_lair_monsters,
          amcnicky_mini_rare_corridor_liquid
D:10:     layout_irregular_city, kiku_gazebo_pond_becter,
          mainiacjoe_overflow_chevrons, orc_0_dummy, uniq_joseph
D:11:     layout_layer_cave, serial_shops, shop, uniq_lodul
D:12:     kennysheep_spiral_hall, layout_rooms, nicolae_trove_entry_crystal,
          uniq_jorgrun
D:13:     layout_gridville, bh_hangedman_babel_library
D:14:     gammafunk_the_bubble [the_bubble_gammafunk_roulette],
          layout_stronghold, lightli_vaults_fourway_checkpoint,
          gammafunk_ghost_arena, lemuel_tele_altar, drop_trap
Lair:1:   layout_layer_cave, ebering_ghost_funeral_grove, grunt_megastairs_3
Lair:2:   layout_regular_city, dummy_snake_entry, disabler_island
Lair:3:   layout_chaotic_city, nicolae_swamp_entry_spooky,
          nicolae_volcano_entry_hallway, minmay_hedge_maze, uniq_snorg
Lair:4:   layout_gridlike, dpeg_slime_entry_corner, gauntlet_entry_generic,
          kennysheep_abandoned_house, grunt_megastairs_4, serial_bayou_shore_b,
          infiniplex_staircase_pool_2, lemuel_fruit_tree
Lair:5:   hellmonk_lair_end_abyssal_woods, layout_layer_cave,
          lemuel_fruit_fields
Orc:1:    layout_caves
Orc:2:    st_orc_mages, layout_caves, portal_ice_cave_entry_pillars_2,
          led_sif_book

Skill      XL: |  1  2  3  4  5  6  7  8  9 10 11 12 13 14 |
---------------+-------------------------------------------+-----
Conjurations   | 1 2 3 4 5 7 8 9 11 12 | 12.9
Spellcasting   | 2 3 4 5 6 7 8 |  8.4
Fire Magic     | 3 4 5 6 7 8 10 11 12 13 | 13.2
Armour         | 1 3 4 6 7 8 |  8.3
Earth Magic    | 3 7 9 |  9.0
Dodging        | 4 |  4.5
Summonings     | 3 5 |  5.2
Shields        | 3 |  3.0
Stealth        | |  1.7

Action                     |  1- 3 |  4- 6 |  7- 9 | 10-12 | 13-15 || total
---------------------------+-------+-------+-------+-------+-------++-------
  Melee: Short sword       |     1 |       |       |       |       ||     1
         Staff             |       |       |     1 |    22 |    90 ||   113
         Flail             |       |       |       |     7 |       ||     7
         Spear             |       |       |       |       |     9 ||     9
  Throw: Dart              |       |       |    11 |       |       ||    11
         Javelin           |       |       |     5 |     1 |       ||     6
         Throwing net      |       |       |     2 |       |       ||     2
   Cast: Foxfire           |    52 |    74 |   151 |   192 |    34 ||   503
         Scorch            |     2 |    14 |    93 |   132 |    68 ||   309
         Flame Wave        |       |       |     7 |    48 |    43 ||    98
         Sticky Flame      |       |       |       |    16 |    45 ||    61
         Stone Arrow       |       |       |       |     3 |    74 ||    77
         Inner Flame       |       |       |       |     1 |       ||     1
         Animate Armour    |       |       |       |       |    48 ||    48
         Fireball          |       |       |       |       |     7 ||     7
  Evoke: Wand              |       |       |     3 |    17 |     6 ||    26
         Condenser vane    |       |       |       |       |     1 ||     1
    Use: Scroll            |       |     4 |     9 |     7 |    20 ||    40
         Potion            |       |       |       |     3 |     6 ||     9
   Stab: Distracted        |       |       |       |       |     1 ||     1
 Armour: Robe              |     3 |     3 |       |       |       ||     6
         Leather armour    |       |     1 |     8 |       |       ||     9
         Swamp dragon scal |       |       |    27 |   169 |   112 ||   308
         Ice dragon scales |       |       |       |       |    66 ||    66
  Dodge: Dodged            |    21 |    35 |   102 |   385 |   347 ||   890
  Block: Buckler           |       |       |       |       |    30 ||    30
